 Dungeon Crawl Stone Soup version 0.22-a0-305-gd21a89c (webtiles) character file.

26 galech the Skirmisher (level 3, 0/39 HPs)
             Began as an Ogre Fighter on Mar 30, 2018.
             Slain by Sigmund
             ... wielding a +1 scythe of protection
              (1 damage)
             ... on level 2 of the Dungeon.
             The game lasted 00:01:36 (1001 turns).

galech the Skirmisher (Ogre Fighter)                Turns: 1001, Time: 00:01:37

Health: 0/39       AC:  6    Str: 21    XL:     3   Next: 8%
Magic:  3/3        EV: 19    Int:  9    God:
Gold:   36         SH:  0    Dex:  8    Spells: 2/2 levels left

rFire    + + .     SeeInvis .   (weapon currently unavailable)
rCold    + + .     Gourm    .   (shield currently unavailable)
rNeg     + + +     Faith    .   (armour currently unavailable)
rPois    ∞         Spirit   .   (helmet currently unavailable)
rElec    +         Reflect  .   (cloak currently unavailable)
rCorr    +         Harm     .   (gloves unavailable)
MR       .....                  (boots unavailable)
Stlth    +.........             (amulet currently unavailable)
HPRegen  0.13/turn              (ring currently unavailable)
MPRegen  0.08/turn              (ring currently unavailable)

@: wisp-form (expiring), flying, quick
A: tiny, unfitting armour
a: no special abilities


You were on level 2 of the Dungeon.
You were hungry.
You were an insubstantial wisp.
You visited 1 branch of the dungeon, and saw 2 of its levels.

You collected 36 gold pieces.

Inventory:

Hand Weapons
 a - a +0 flail (melded)
Armour
 b - a +0 robe (melded)
 c - a +0 shield (melded)
Jewellery
 e - an uncursed ring of fire {unknown}
Scrolls
 h - 2 scrolls of identify {unknown}
 i - a scroll of immolation {unknown}
 j - a scroll of teleportation {unknown}
 n - a scroll of fog {unknown}
Potions
 d - 2 potions of might
 k - a potion of heal wounds {unknown}
 l - a potion of resistance {unknown}
 m - a potion of degeneration {unknown}
Comestibles
 f - a ration


   Skills:
 + Level 4.3 Fighting
 + Level 2.3 Maces & Flails
 + Level 3.0 Dodging
 + Level 2.9 Shields


You had 2 spell levels left.
You didn't know any spells.

Dungeon Overview and Level Annotations

Branches:
Dungeon (2/15)

Altars:

Annotations:
D:2 Sigmund


Innate Abilities, Weirdness & Mutations

You are too large for most types of armour.
((You have tough skin. (AC +1)))


Message History

Sigmund completely misses you. The kobold completely misses you.
You closely miss Sigmund.
Sigmund is heavily wounded.
Sigmund barely misses you. The kobold hits you but does no damage.
You touch Sigmund.
Sigmund is heavily wounded.
The kobold hits you but does no damage.
You touch Sigmund but do no damage.
Sigmund is heavily wounded.
Sigmund casts a spell at you. The magic dart hits you!
* * * LOW HITPOINT WARNING * * *
The kobold completely misses you.
You touch Sigmund.
Sigmund is heavily wounded.
Sigmund misses you. The kobold closely misses you.
You touch Sigmund.
Sigmund is severely wounded.
Sigmund hits you with a scythe of protection.
You die...

##........##
#..........#
#.<........#
#..........#
#..(.......#
#..........#
#########........##
...........@(....##
####.....Kv......#
#.............#
##########......######
.....)..........#
................#
...........#...(#
..........###...#
..........# #####
..........#


You could see Sigmund and a kobold.

Vanquished Creatures
  A worm (D:2)
  A leopard gecko (D:1)
  5 bats (D:1)
  5 giant cockroaches (D:1)
  A hobgoblin (D:1)
  5 frilled lizards (D:1)
  2 goblins (D:1)
  3 rats (D:1)
23 creatures vanquished.

Notes
Turn   | Place    | Note
-------+----------+-------------------------------------------
     0 | D:1      | galech the Ogre Fighter began the quest for the Orb.
     0 | D:1      | Reached XP level 1. HP: 24/24 MP: 1/1
   255 | D:1      | Reached XP level 2. HP: 28/32 MP: 2/2
   732 | D:2      | Reached XP level 3. HP: 29/39 MP: 3/3
   747 | D:2      | Noticed Sigmund
   999 | D:2      | HP: 1/39 [Sigmund/magic dart (3)]
  1001 | D:2      | Slain by Sigmund

Vault maps used:
D:1:      shiori_arrival_elements, minmay_lizard_pond
D:2:      overflow_temple_1_default, grunt_temple_overflow_open,
          uniq_crazy_yiuf_cottage, uniq_sigmund

Skill      XL: |  1  2 |
---------------+-------+-----
Maces & Flails | 2 |  2.3
Dodging        | 3 |  3.0
Fighting       | |  4.3
Shields        | |  2.9

Action                   || total
-------------------------++-------
Melee: Flail             ||   102
       Unarmed           ||    19
Armor: Robe              ||    37
       Skin              ||     2
Dodge: Dodged            ||    67
Block: Shield            ||    51

Table legend:
 A = Spawn XP
 B = Non-spawn XP
 C = Spawn XP percentage of total XP
 D = Spawn monster count
 E = Non-spawn monster count
 F = Spawn count percentage of total count
 G = Total turns spent on level
                    A         B        C        D         E        F      G
               +---------+---------+-------+---------+---------+-------+---------
         Total |       0 |      38 |   0.0 |       0 |      23 |   0.0 |  1001
               +---------+---------+-------+---------+---------+-------+---------
           D:1 |       0 |      33 |   0.0 |       0 |      22 |   0.0 |   916
           D:2 |       0 |       5 |   0.0 |       0 |       1 |   0.0 |    85
               +---------+---------+-------+---------+---------+-------+---------
